 Dungeon Crawl Stone Soup version 0.28.0-53-g5a82cb258f (webtiles) character file.

Game seed: 13480874990249955838

84 DocClef the Skirmisher (level 4, 0/40 HPs)
             Began as a Draconian Fighter on June 14, 2022.
             Succumbed to a scorpion's poison
             ... on level 4 of the Dungeon.
             The game lasted 00:01:33 (2831 turns).

DocClef the Skirmisher (Draconian Fighter)          Turns: 2831, Time: 00:01:33

Health: 0/40       AC:  5    Str: 19    XL:     4   Next: 24%
Magic:  4/4        EV: 12    Int:  8    God:
Gold:   69         SH:  4    Dex: 12    Spells: 3/3 levels left

rFire   . . .      SeeInvis .   a - +0 rapier
rCold   . . .      Faith    .   b - +0 buckler
rNeg    . . .      Spirit   .   (armour unavailable)
rPois   .          Reflect  .   (helmet restricted)
rElec   .          Harm     .   (no cloak)
rCorr   .          Rampage  .   (no gloves)
Will    .....                   (no boots)
Stlth   +.........              (no amulet)
HPRegen 0.13/turn               (no ring)
MPRegen 0.09/turn               (no ring)

@: lethally poisoned (0 -> -2)
A: AC +5, unfitting armour, cold-blooded
a: no special abilities


You were on level 4 of the Dungeon.
You visited 1 branch of the dungeon, and saw 4 of its levels.

You collected 69 gold pieces.

Inventory:

Hand Weapons
 a - a +0 rapier (weapon)
Armour
 b - a +0 buckler (worn)
Jewellery
 h - a ring of protection from fire
 l - a ring of positive energy
 m - a ring of ice
Scrolls
 d - a scroll of brand weapon {unknown}
 f - 2 scrolls of identify {unknown}
 g - 4 scrolls of holy word {unknown}
 i - 3 scrolls of torment {unknown}
 p - a scroll of amnesia {unknown}
Potions
 c - 3 potions of might
 e - 2 potions of degeneration {unknown}
 j - a potion of attraction {unknown}
 k - a potion of flight {unknown}
 n - a potion of resistance {unknown}
 o - a potion of cancellation {unknown}


   Skills:
 + Level 4.0 Fighting
 + Level 3.0 Short Blades
 + Level 3.2 Dodging
 + Level 0.4 Stealth
 + Level 3.3 Shields


You had 3 spell levels left.
You didn't know any spells.
Your spell library contained the following spells:

 Spells                   Type           Power      Damage    Failure   Level
 Animate Skeleton         Necr           0%         N/A       50%         1
 Apportation              Tloc           0%         N/A       50%         1
 Summon Small Mammal      Summ           0%         N/A       50%         1
 Sublimation of Blood     Necr           0%         N/A       65%         2
 Wereblood                Tmut           0%         N/A       65%         2
 Summon Hydra             Summ           0%         N/A       100%        7


Dungeon Overview and Level Annotations

Branches:
Dungeon (4/15)
 Temple: D:4-7

Altars:
Elyvilon
Ru
The Shining One


Innate Abilities, Weirdness & Mutations

Your plain brown scales are hard. (AC +5)
You cannot fit into any form of body armour.
You are cold-blooded and may be slowed by cold attacks.


Message History

The scorpion stings you but does no damage.
You barely miss the scorpion.
The scorpion is lightly wounded.
The scorpion barely misses you.
You hit the scorpion but do no damage.
The scorpion is lightly wounded.
The scorpion stings you!
You are poisoned.
The scorpion poisons you!
You hit the scorpion but do no damage.
Your tail-slap misses the scorpion.
The scorpion is lightly wounded.
You feel very sick. The scorpion stings you. The scorpion closely misses you.
You closely miss the scorpion.
The scorpion is lightly wounded.
You feel very sick. The scorpion stings you.
You hit the scorpion.
You tail-slap the scorpion, but do no damage.
The scorpion is heavily wounded.
You feel sick. You block the scorpion's attack.
You hit the scorpion.
The scorpion is severely wounded.
You feel sick. The scorpion stings you.
* * * LOW HITPOINT WARNING * * *
The scorpion stings you.
* * * LOW HITPOINT WARNING * * *
Unknown command.
You completely miss the scorpion.
The scorpion is severely wounded.
* * * LOW HITPOINT WARNING * * *
You feel sick. The scorpion misses you.
You closely miss the scorpion.
The scorpion is severely wounded.
* * * LOW HITPOINT WARNING * * *
You feel sick. You block the scorpion's attack.
You barely miss the scorpion.
You tail-slap the scorpion, but do no damage.
The scorpion is severely wounded.
You die...

.... #....
. #..... ..
......
#..##
#......
#...#
##.....
#....##.s.#
#......@#
#.####<.#
##...#
.......#
.......#
####.....
....# ...##
..#


You could see a scorpion.

Vanquished Creatures
  A hound skeleton (D:3)
  An adder (D:3)
  A worm (D:3)
  2 dart slugs
  6 orcs (D:3)
  3 ball pythons
  4 bats
  6 endoplasms
  2 giant cockroaches (D:1)
  5 goblins
  5 hobgoblins
  3 kobolds
  A quokka (D:2)
  A frilled lizard (D:3)
  2 rats
43 creatures vanquished.

Notes
Turn   | Place    | Note
-------+----------+-------------------------------------------
     0 | D:1      | DocClef the Draconian Fighter began the quest for the Orb.
     0 | D:1      | Reached XP level 1. HP: 19/19 MP: 1/1
   174 | D:1      | Reached XP level 2. HP: 26/26 MP: 2/2
   726 | D:1      | Found a faded altar of an unknown god.
  1271 | D:2      | Reached XP level 3. HP: 32/33 MP: 3/3
  1850 | D:3      | Reached skill level 4 in Fighting
  2308 | D:3      | Reached XP level 4. HP: 30/40 MP: 4/4
  2479 | D:3      | Found a faded altar of an unknown god.
  2479 | D:3      | Found a white marble altar of Elyvilon.
  2487 | D:3      | Found a glowing golden altar of the Shining One.
  2489 | D:3      | Found a sacrificial altar of Ru.
  2491 | D:3      | Found a faded altar of an unknown god.
  2812 | D:4      | Noticed a scorpion
  2829 | D:4      | HP: 2/40 [poisoned by a scorpion]
  2831 | D:4      | Succumbed to a scorpion's poison

Illustrated notes

Levels and vault maps discovered:
D:1:      scummos_arrival_star, layout_loops_ring,
          shapermc_ecumenical_altar_flowoftime, hangedman_decor_push
D:2:      layout_basic
D:3:      layout_basic, chequers_temple_overflow_minitemple
D:4:      layout_layer_cave, gammafunk_temple_overflow_pools

Skill      XL: |  1  2  3  4 |
---------------+-------------+-----
Dodging        | 3 |  3.2
Fighting       | 4 |  4.0
Short Blades   | 3 |  3.0
Stealth        | |  0.4
Shields        | |  3.3

Action                   |  1- 3 |  4- 6 || total
-------------------------+-------+-------++-------
Melee: Rapier            |   130 |    25 ||   155
       Tailslap          |    11 |     5 ||    16
 Stab: Sleeping          |     1 |       ||     1
Armor: Skin              |    48 |     1 ||    49
Dodge: Dodged            |    66 |    15 ||    81
Block: Buckler           |    22 |     5 ||    27
